 Dungeon Crawl Stone Soup version 0.20.1-1-g8b1a95d (console) character file.

6808 hilaritas the Cruncher (level 11, -1/108 HPs)
             Began as a Gargoyle Gladiator on Jan 25, 2018.
             Was a Believer of Nemelex Xobeh.
             Slain by hilaritas's ghost (10 damage)
             ... on level 10 of the Dungeon.
             The game lasted 00:28:08 (7234 turns).

hilaritas the Cruncher (Gargoyle Gladiator)         Turns: 7234, Time: 00:28:09

Health: -1/108     AC: 25    Str: 21    XL:     11   Next: 5%
Magic:  16/16      EV:  2    Int:  9    God:    Nemelex Xobeh [**....]
Gold:   187        SH:  0    Dex: 11    Spells: 10/10 levels left

rFire    . . .     SeeInvis +   a - +1 quarterstaff
rCold    . . .     Gourm    .   (shield currently unavailable)
rNeg     + + +     Faith    .   (armour currently unavailable)
rPois    ∞         Spirit   .   (helmet currently unavailable)
rElec    .         Reflect  .   (cloak currently unavailable)
rCorr    .         Harm     .   (gloves currently unavailable)
MR       .....     NoTele   +   (boots currently unavailable)
Stlth    +.........             l - amulet of regeneration
Regen    0.7/turn               y - ring of see invisible
MPRegen  0.2/turn               (no ring)

@: tree-form, hasted, very quick
A: negative energy resistance 1, petrification resistance, rot immunity, AC +7
a: Renounce Religion


You were on level 10 of the Dungeon.
You worshipped Nemelex Xobeh.
Nemelex Xobeh was pleased with you.
You were not hungry.
You were a tree.
You visited 1 branch of the dungeon, and saw 10 of its levels.
You also visited: Ossuary.

You collected 317 gold pieces.
You spent 130 gold pieces at shops.

Inventory:

Hand Weapons
 a - a +1 quarterstaff (weapon)
 F - the +9 staff of Olgreb {rPois}
   (You found it on level 6 of the Dungeon)

   It protects you from poison.
Missiles
 d - 2 throwing nets (quivered)
 Q - 4 tomahawks
Armour
 c - a +1 helmet (melded)
 e - a +0 chain mail (melded)
 q - a +0 pair of gloves (melded)
Jewellery
 l - an amulet of regeneration (around neck)
 y - a ring of see invisible (left branch)
 M - an uncursed amulet of guardian spirit
 S - an uncursed ring of ice
Wands
 h - a wand of lightning (4/15)
 r - a wand of disintegration (12/24)
 D - a wand of random effects (26/48)
 H - a wand of acid (9/15)
 N - a wand of lightning (6/15)
 O - a wand of enslavement (11/24)
 P - a wand of paralysis (16/24)
Scrolls
 u - 2 scrolls of recharging
 x - a scroll of amnesia
 A - a scroll of enchant armour
 G - a scroll of teleportation
 J - 2 scrolls of enchant weapon
 K - 2 scrolls of remove curse
Potions
 b - a potion of lignification
 j - 2 potions of haste
 n - 2 potions of heal wounds
 o - 5 potions of curing
 p - 3 potions of brilliance
 v - 3 potions of flight
 w - a potion of mutation
 z - 2 potions of agility
 E - a potion of invisibility
 L - a potion of magic
Books
 C - the Papyrus of Dusty Contamination
   (You found it on level 6 of the Dungeon)

   Spells                             Type                      Level
   a - Sandblast                      Earth                        1
   b - Passwall                       Transmutation/Earth          2
   c - Olgreb's Toxic Radiance        Poison                       4
   d - Bolt of Magma                  Conjuration/Fire/Earth       5
   e - Iron Shot                      Conjuration/Earth            6
Miscellaneous
 k - a plain deck of escape
 m - a plain deck of summoning {drawn: 3}
 s - a plain deck of destruction
 B - a plain deck of summoning
 I - a plain deck of summoning
Comestibles
 f - 5 bread rations
 g - 13 fruits
 i - 5 royal jellies
 t - 4 meat rations
 R - 3 chunks of flesh


   Skills:
 - Level 10.0 Fighting
 - Level 10.0 Staves
 - Level 1.7 Throwing
 + Level 6.2 Armour
 + Level 2.4 Dodging
 * Level 6.8 Invocations
 * Level 4.8 Evocations


You had 10 spell levels left.
You didn't know any spells.

Dungeon Overview and Level Annotations

Branches:
Dungeon (11/15)            Temple (0/1) D:7
   Lair: D:8-11         Orc: D:9-12

Altars:
Ashenzari
Nemelex Xobeh
Okawaru
Qazlal
Sif Muna
Yredelemnul
The Shining One

Shops:
D:6 !

Annotations:
D:10 hilaritas's ghost, journeyman TrFi


Innate Abilities, Weirdness & Mutations

You are resistant to torment.
((Your stone body is resilient. (AC +7)))
You are immune to poison.
You resist negative energy. (rN+)
((You are resistant to electric shocks. (rElec)))
((You can survive without breathing.))
You are immune to petrification.
You are immune to rotting.


Message History

Hilaritas's ghost whispers, "Everlasting silence awaits you..."
Hilaritas's ghost hits you!!
You closely miss hilaritas's ghost.
Hilaritas's ghost shouts, "What do you have that I didn't have?"
Hilaritas's ghost hits you!
You turn into a tree.
Your +1 helmet melds into your body.
Your +0 pair of gloves melds into your body.
Your +0 chain mail melds into your body.
Your roots penetrate the ground.
Hilaritas's ghost hits you but does no damage.
You hit hilaritas's ghost but do no damage.
Hilaritas's ghost hits you!!
You feel yourself speed up. Hilaritas's ghost hits you!!
You closely miss hilaritas's ghost. You miss hilaritas's ghost.
Hilaritas's ghost hits you!!
* * * LOW HITPOINT WARNING * * *
You barely miss hilaritas's ghost. You barely miss hilaritas's ghost.
Hilaritas's ghost hits you!
You die...
Your body disappears without a glow.

............ ...........
................
...##....##....
...##....##...# #
...##....##...# .#
...##....##...# ..#
.).##....##...#####...##
........................
................♣W......
...###..........###.....
...# #....##....# .##
...###....##....#
..........##....#
..........##....#
..................
....(..............
....................
................###.
...........


You could see hilaritas's ghost.

Vanquished Creatures
  Joseph (D:7)
  A komodo dragon (D:10)
  Grinder (D:3)
  A hornet (D:6)
  3 hippogriffs
  The ghost of digijack the Cudgeler, an amateur TeWn (Ossuary)
  Edmund (D:6)
  3 soldier ants (D:6)
  3 water moccasins
  A hornet zombie (Ossuary)
  2 orc warriors
  5 sky beasts
  4 ogres
  A phantom (D:6)
  2 centaurs
  The ghost of damerell the Firebug, an amateur DEFE (D:3)
  A big kobold (D:6)
  4 bullfrogs
  A water moccasin zombie (Ossuary)
  4 scorpions
  9 killer bees (D:6)
  2 howler monkeys (D:8)
  5 crimson imps
  A quasit (D:8)
  5 bullfrog zombies (Ossuary)
  3 centaur zombies
  3 hounds
  A jelly (D:6)
  4 orc wizards
  2 bullfrog skeletons
  A centaur skeleton (D:6)
  10 worker ants
  Ijyb (D:4)
  2 hound zombies (Ossuary)
  14 mummies (Ossuary)
  2 howler monkey zombies (Ossuary)
  2 worker ant zombies (Ossuary)
  9 adders
  5 adder zombies (Ossuary)
  An adder skeleton (D:3)
  3 worms
  A dart slug (D:1)
  7 leopard geckos
  16 orcs
  9 bats
  3 giant cockroaches
  3 goblins
  7 hobgoblins
  4 jackals
  4 quokkas
  3 ball pythons
  4 frilled lizards
  9 kobolds
  A leopard gecko zombie (Ossuary)
  4 quokka zombies
  9 rats
210 creatures vanquished.

Vanquished Creatures (collateral kills)
  Fannar (D:10)
  An orc priest (D:10)
  An orc (D:10)
3 creatures vanquished.

Vanquished Creatures (others)
  An orc (D:10)
  2 withered plants (Ossuary)
3 creatures vanquished.

Grand Total: 216 creatures vanquished

Notes
Turn   | Place    | Note
-------+----------+-------------------------------------------
     0 | D:1      | hilaritas the Gargoyle Gladiator began the quest for the Orb.
     0 | D:1      | Reached XP level 1. HP: 12/12 MP: 1/1
   185 | D:1      | Found a sparkling altar of Nemelex Xobeh.
   214 | D:1      | Reached XP level 2. HP: 17/17 MP: 2/2
   225 | D:1      | Became a worshipper of Nemelex Xobeh the Trickster
   433 | D:1      | Received a gift from Nemelex Xobeh
   797 | D:2      | Reached XP level 3. HP: 19/21 MP: 3/3
   992 | D:2      | Received a gift from Nemelex Xobeh
   994 | D:2      | Reached skill level 1 in Invocations
   994 | D:2      | Reached XP level 4. HP: 27/27 MP: 4/4
  1015 | D:2      | You fall through a shaft!
  1079 | D:3      | Reached * piety under Nemelex Xobeh
  1200 | D:2      | Found a glowing golden altar of the Shining One.
  1499 | D:3      | Found an iron altar of Okawaru.
  1539 | D:3      | Noticed damerell's ghost (amateur DEFE)
  1553 | D:3      | Killed damerell's ghost
  1553 | D:3      | Reached skill level 5 in Staves
  1553 | D:3      | Reached XP level 5. HP: 22/31 MP: 4/6
  1607 | D:3      | Found a faded altar of an unknown god.
  1607 | D:3      | Noticed Grinder
  1622 | D:3      | Killed Grinder
  1622 | D:3      | Reached XP level 6. HP: 15/37 MP: 7/7
  2427 | D:4      | Noticed Ijyb
  2437 | D:4      | Killed Ijyb
  2437 | D:4      | Reached XP level 7. HP: 41/41 MP: 8/8
  2714 | D:5      | Entered Level 5 of the Dungeon
  2822 | D:5      | Found a stormy altar of Qazlal.
  2855 | D:5      | Reached skill level 1 in Evocations
  3216 | D:5      | Reached XP level 8. HP: 44/46 MP: 10/10
  3391 | D:6      | Received a gift from Nemelex Xobeh
  3416 | D:6      | Noticed a hornet
  3429 | D:6      | Killed a hornet
  3488 | D:6      | Found a runed gate.
  3492 | D:6      | Found a runed gate.
  3492 | D:6      | Found a runed gate.
  3498 | D:6      | Found a runed door.
  3516 | D:6      | Reached ** piety under Nemelex Xobeh
  3519 | D:6      | Found a runed door.
  3574 | D:6      | Found Ulohec's Distillery.
  3586 | D:6      | Bought a potion of heal wounds for 50 gold pieces
  3586 | D:6      | Bought a potion of mutation for 80 gold pieces
  3628 | D:6      | Identified the Papyrus of Dusty Contamination
  4159 | D:6      | Noticed Edmund
  4167 | D:6      | Killed Edmund
  4167 | D:6      | Reached XP level 9. HP: 52/52 MP: 10/12
  4234 | D:6      | Reached skill level 10 in Staves
  4301 | D:6      | Reached skill level 1 in Armour
  4395 | D:6      | Reached skill level 5 in Fighting
  4508 | D:6      | Reached skill level 5 in Invocations
  4709 | D:7      | Found a sand-covered staircase.
  4715 | Ossuary  | Entered an ossuary
  4731 | Ossuary  | Reached XP level 10. HP: 57/63 MP: 13/13
  4832 | Ossuary  | Noticed digijack's ghost (amateur TeWn)
  4847 | Ossuary  | Killed digijack's ghost
  5194 | D:7      | Received a gift from Nemelex Xobeh
  5261 | D:7      | Found a shattered altar of Ashenzari.
  5261 | D:7      | Found a deep blue altar of Sif Muna.
  5524 | D:7      | Noticed Joseph
  5540 | D:7      | Killed Joseph
  5894 | D:7      | Found a staircase to the Ecumenical Temple.
  6030 | D:8      | Received a gift from Nemelex Xobeh
  6474 | D:8      | Found a basalt altar of Yredelemnul.
  6517 | D:8      | Reached skill level 10 in Fighting
  6525 | D:8      | Reached skill level 5 in Armour
  7027 | D:8      | You fall through a shaft for 3 floors!
  7033 | D:10     | Entered Level 10 of the Dungeon
  7046 | D:10     | Reached *** piety under Nemelex Xobeh
  7046 | D:10     | Noticed Fannar
  7072 | D:10     | Killed Fannar
  7072 | D:10     | Reached XP level 11. HP: 17/72 MP: 14/16
  7224 | D:10     | Noticed hilaritas's ghost (journeyman TrFi)
  7232 | D:10     | HP: 8/108 [hilaritas's ghost (21)]
  7234 | D:10     | Slain by hilaritas's ghost

Skill      XL: |  1  2  3  4  5  6  7  8  9 10 |
---------------+-------------------------------+-----
Staves         | 4 5 6 8 9 10 | 10.0
Invocations    | 1 2 3 4 5 6 |  6.8
Fighting       | 3 4 7 10 | 10.0
Evocations     | 1 2 3 4 |  4.8
Armour         | 3 6 |  6.2
Throwing       | |  1.7
Dodging        | |  2.4

Action                   |  1- 3 |  4- 6 |  7- 9 | 10-12 || total
-------------------------+-------+-------+-------+-------++-------
Melee: Quarterstaff      |    94 |   100 |   471 |   398 ||  1063
Throw: Throwing net      |       |       |     1 |       ||     1
Invok: Triple Draw       |       |       |       |     1 ||     1
  Use: Scroll            |     2 |     6 |     7 |    12 ||    27
       Potion            |       |       |     1 |     3 ||     4
  Eat: Chunk             |       |     5 |     8 |     9 ||    22
Armor: Chain mail        |    92 |    59 |   253 |   193 ||   597
       Skin              |       |       |       |     7 ||     7
Dodge: Dodged            |    46 |    29 |   154 |    97 ||   326
